 Dungeon Crawl Stone Soup version 0.21-a0-440-g28109cb (webtiles) character file.

1869 slep the Carver (level 8, -5/105 HPs)
             Began as a Minotaur Fighter on Nov 11, 2017.
             Slain by an orc warrior
             ... wielding a +0 glaive
              (10 damage)
             ... on level 6 of the Dungeon.
             The game lasted 00:19:16 (3483 turns).

slep the Carver (Minotaur Fighter)                  Turns: 3483, Time: 00:19:16

Health: -5/105     AC: 24    Str: 21    XL:     8   Next: 90%
Magic:  7/7        EV:  2    Int: 11    God:
Gold:   411        SH:  8    Dex: 18    Spells: 7/7 levels left

rFire    . . .     SeeInvis +   a - +0 long sword
rCold    . . .     Gourm    +   B - +2 buckler
rNeg     + + +     Faith    .   (armour currently unavailable)
rPois    +         Spirit   .   (helmet currently unavailable)
rElec    .         Reflect  .   (cloak currently unavailable)
rCorr    .         Harm     .   (gloves currently unavailable)
MR       .....     NoTele   +   (boots currently unavailable)
Stlth    ++........             r - amulet of the gourmand
HPRegen  0.27/turn              q - ring of loudness (curse)
MPRegen  0.10/turn              F - ring of see invisible

@: brilliant, agile, tree-form, berserk cooldown, slowed, very slow
A: (retaliatory headbutt), thin skeletal structure 1, blurry vision 2, high mp 1
a: no special abilities


You were on level 6 of the Dungeon.
You were very full.
You were a tree.
You visited 1 branch of the dungeon, and saw 6 of its levels.

You collected 411 gold pieces.

Inventory:

Hand Weapons
 a - a +0 long sword (weapon)
 x - a +0 halberd of chopping
 C - a +0 mace of protection
 H - a +0 shortbow of freezing
Missiles
 p - 4 javelins (quivered)
 D - 2 tomahawks
 I - 86 arrows
Armour
 b - a +0 scale mail
 c - a +0 shield
 i - a +2 ring mail of cold resistance (melded)
 o - a +1 cloak (melded)
 B - a +2 buckler (worn)
Jewellery
 q - a cursed ring of loudness (left branch)
 r - an amulet of the gourmand (around neck)
 F - a ring of see invisible (right branch)
Wands
 s - a wand of polymorph (11/24)
Scrolls
 g - a scroll of fog {unknown}
 l - 4 scrolls of remove curse {unknown}
 m - 8 scrolls of identify {unknown}
 n - a scroll of recharging {unknown}
 t - a scroll of magic mapping {unknown}
 y - 2 scrolls of enchant armour {unknown}
 A - a scroll of teleportation {unknown}
 E - a scroll of random uselessness {unknown}
 G - a scroll of noise {unknown}
 L - a scroll of brand weapon {unknown}
Potions
 d - a potion of might
 e - a potion of cancellation
 h - a potion of lignification
 k - a potion of flight
 u - a potion of brilliance
 v - a potion of berserk rage
 w - a potion of resistance {unknown}
 z - a potion of agility
 K - a potion of curing {unknown}
Comestibles
 f - 4 bread rations
 j - 2 meat rations
 J - a royal jelly
 M - 3 fruits


   Skills:
 + Level 6.2 Fighting
 + Level 9.6 Long Blades
 + Level 6.3 Armour
 + Level 3.8 Dodging
 + Level 1.2 Stealth
 + Level 6.2 Shields


You had 7 spell levels left.
You didn't know any spells.

Dungeon Overview and Level Annotations

Branches:
Dungeon (6/15)
 Temple: D:4-7

Altars:
Elyvilon
Makhleb
Xom


Innate Abilities, Weirdness & Mutations

((You reflexively headbutt those who attack you in melee.))
((You have a pair of horns on your head.))
You have a somewhat thin skeletal structure. (Dex +2, Stealth)
Scrolls take you longer to read.
You have an increased reservoir of magic. (+10% MP)


Message History

You kill the orc!
The orc warrior hits you from afar with a glaive.
* * * LOW HITPOINT WARNING * * *
You are too berserk!
You are too berserk!
You cannot move.
You cannot move.
You feel a strong urge to attack something.
The orc warrior hits you from afar with a glaive.
* * * LOW HITPOINT WARNING * * *
You cannot move.
You are too berserk!
You are too berserk!
You are no longer berserk.
You are exhausted.
You feel yourself slow down.
It was a potion of agility.
You feel agile all of a sudden.
The orc warrior hits you from afar with a glaive!
You die...

#.).# . #...# .
#...######## #) .
#........... ..##.###
..#####...#####.## #
......
<...............##.#
#.##...
...................#
#....<
...........)))..##
#.##..%
####.#.....♣)o.# #...
#.#)..#.###..... ####
#.#...#.#######.
#............#
#.....#..###.#
#........###.#
########.#.......#.#
#........##......#.#
#.#####.)##.#..#.#.##


You could see an orc warrior.

Vanquished Creatures
  Duvessa (D:6)
  A sky beast (D:5)
  5 ogres
  6 centaurs
  A bullfrog (D:4)
  Dowan (D:6)
  A scorpion (D:5)
  A howler monkey (D:4)
  3 hounds
  3 orc priests
  3 orc wizards
  An iguana (D:5)
  2 hound zombies
  6 gnolls (D:3)
  6 adders
  2 oozes (D:3)
  An adder skeleton (D:4)
  4 worms
  3 dart slugs
  4 leopard geckos
  17 orcs
  7 giant cockroaches
  11 goblins
  9 hobgoblins
  7 jackals
  2 quokkas (D:3)
  A ball python (D:3)
  3 bats
  9 frilled lizards
  3 kobolds
  6 rats
130 creatures vanquished.

Notes
Turn   | Place    | Note
-------+----------+-------------------------------------------
     0 | D:1      | slep the Minotaur Fighter began the quest for the Orb.
     0 | D:1      | Reached XP level 1. HP: 19/19 MP: 0/0
    43 | D:1      | Reached XP level 2. HP: 25/27 MP: 1/1
   532 | D:2      | Reached XP level 3. HP: 32/33 MP: 2/2
   603 | D:2      | Reached skill level 3 in Long Blades
   618 | D:2      | Found a white marble altar of Elyvilon.
   618 | D:2      | Found a burning altar of Makhleb.
  1230 | D:3      | Reached XP level 4. HP: 36/40 MP: 3/3
  1278 | D:3      | Reached skill level 1 in Dodging
  1519 | D:3      | Reached XP level 5. HP: 35/46 MP: 4/4
  1545 | D:3      | Found a shimmering altar of Xom.
  1551 | D:3      | Reached skill level 4 in Long Blades
  1982 | D:4      | Reached skill level 1 in Stealth
  2066 | D:4      | Reached XP level 6. HP: 53/53 MP: 5/5
  2081 | D:4      | Reached skill level 5 in Shields
  2094 | D:4      | Reached skill level 5 in Long Blades
  2099 | D:4      | Reached skill level 5 in Armour
  2461 | D:4      | Reached skill level 6 in Long Blades
  2461 | D:4      | Reached XP level 7. HP: 41/60 MP: 6/6
  2550 | D:5      | Entered Level 5 of the Dungeon
  2596 | D:5      | Reached skill level 5 in Fighting
  2596 | D:5      | Reached skill level 7 in Long Blades
  2600 | D:5      | Gained mutation: You have an increased reservoir of magic. (+10% MP) [mutagenic meat]
  2601 | D:5      | Gained mutation: Scrolls take you a little longer to read. [mutagenic meat]
  2603 | D:5      | Gained mutation: Scrolls take you longer to read. [mutagenic meat]
  2604 | D:5      | Gained mutation: You have a somewhat thin skeletal structure. (Dex +2, Stealth) [mutagenic meat]
  2939 | D:5      | Reached XP level 8. HP: 67/69 MP: 7/7
  3000 | D:5      | Reached skill level 8 in Long Blades
  3337 | D:6      | Reached skill level 9 in Long Blades
  3436 | D:6      | Noticed Dowan
  3437 | D:6      | Noticed Duvessa
  3448 | D:6      | Killed Duvessa
  3454 | D:6      | Killed Dowan
  3481 | D:6      | HP: 5/157 [orc warrior/glaive (6)]
  3483 | D:6      | Slain by an orc warrior

Vault maps used:
D:1:      scummos_arrival_simple_fountains, serial_aquarium,
          aquarium_bridge_long_separate, aquarium_bridge_square,
          aquarium_window_corner, aquarium_window_fake, aquarium_view_2a,
          aquarium_view_2c, aquarium_balcony_double_4
D:2:      grunt_temple_overflow_open
D:3:      first_bread, xom_teletrap_fun
D:6:      minmay_temple_entry_nine_rooms, uniq_duvessa

Skill      XL: |  1  2  3  4  5  6  7  8 |
---------------+-------------------------+-----
Armour         | 4 5 6 |  6.3
Shields        | 4 5 6 |  6.2
Long Blades    | 3 4 6 7 9 |  9.6
Fighting       | 4 5 6 |  6.2
Dodging        | 1 2 3 |  3.8
Stealth        | 1 |  1.2

Action                   |  1- 3 |  4- 6 |  7- 9 || total
-------------------------+-------+-------+-------++-------
Melee: Long sword        |    77 |   152 |   112 ||   341
       Headbutt          |    11 |    28 |    16 ||    55
  Use: Potion            |       |       |     6 ||     6
  Eat: Chunk             |    10 |     8 |     9 ||    27
Armor: Scale mail        |     6 |       |       ||     6
       Ring mail         |    28 |    62 |    21 ||   111
       Skin              |       |       |    54 ||    54
Dodge: Dodged            |    22 |    49 |    62 ||   133
Block: Shield            |    34 |    44 |       ||    78
       Buckler           |       |    11 |    32 ||    43
       Rpst.: Long sword |     7 |    17 |    16 ||    40

Table legend:
 A = Spawn XP
 B = Non-spawn XP
 C = Spawn XP percentage of total XP
 D = Spawn monster count
 E = Non-spawn monster count
 F = Spawn count percentage of total count
 G = Total turns spent on level
                    A         B        C        D         E        F      G
               +---------+---------+-------+---------+---------+-------+---------
         Total |       0 |    2670 |   0.0 |       0 |     130 |   0.0 |  3483
               +---------+---------+-------+---------+---------+-------+---------
           D:1 |       0 |      38 |   0.0 |       0 |      23 |   0.0 |   515
           D:2 |       0 |      45 |   0.0 |       0 |      14 |   0.0 |   650
           D:3 |       0 |     201 |   0.0 |       0 |      32 |   0.0 |   803
           D:4 |       0 |     500 |   0.0 |       0 |      26 |   0.0 |   582
           D:5 |       0 |    1001 |   0.0 |       0 |      22 |   0.0 |   524
           D:6 |       0 |     885 |   0.0 |       0 |      13 |   0.0 |   409
               +---------+---------+-------+---------+---------+-------+---------
